 Dungeon Sprint DCSS version 0.31-a0-521-gc7390f8997 (webtiles) character file.

Game seed: 15320828155920291259

144 rocky1 the Ruffian (level 5, -7/37 HPs)
             Began as an Octopode Shapeshifter on Aug 11, 2023.
             Was an Initiate of Gozag.
             Mangled by a troll (11 damage)
             ... in the Dungeon (Sprint IX: "|||||||||||||||||||||||||||||").
             The game lasted 00:01:18 (209 turns).

rocky1 the Ruffian (Octopode Shapeshifter)           Turns: 209, Time: 00:01:19

Health: -7/37      AC:  1    Str: 18    XL:     5   Next: 27%
Magic:  5/5        EV: 13    Int: 15    God:    Gozag
Gold:   0          SH:  0    Dex: 12    Spells: 4/4 levels left

rFire   . .          .
                       - Unarmed
rCold   . . .        (no shield)
rNeg    . . .        (helmet currently unavailable)
rPois   .            (no amulet)
rElec   .            l - +3 ring of strength
rCorr   .            m - +3 ring of intelligence
SInv    .            (no ring)
Will    .....        (no ring)
Stlth   ++           (no ring)
HPRegen 0.26/turn    (no ring)
MPRegen 0.09/turn    (no ring)
                     (no ring)

%: no teleportation
@: beast-form, invisible
A: beast (slay +3), almost no armour, amphibious, 8 rings, camouflage 1,
gelatinous body 1, (nimble swimmer 1), tentacles
a: Begin Untransformation, Renounce Religion, Potion Petition, Call Merchant,
Bribe Branch


You were in the Dungeon.
You worshipped Gozag.
Gozag was noncommittal.
You were a hulking beast.
You visited 1 branch

Inventory:

Jewellery
 l - a +3 ring of strength (left tentacle)
 m - a +3 ring of intelligence (right tentacle)
Talismans
 b - a beast talisman (active)
 c - a flux talisman
Wands
 k - a wand of light (10)
Scrolls
 i - 2 scrolls of blinking
 j - 2 scrolls of amnesia
Potions
 a - a potion of lignification
 d - 5 potions of curing
 e - a potion of heal wounds
 g - 4 potions of magic
 h - a potion of berserk rage


   Skills:
 * Level 3.9 Fighting
 + Level 2.9 Dodging
 * Level 7.4 Unarmed Combat
 + Level 5.8 Shapeshifting


You had 4 spell levels left.
You didn't know any spells.
Your spell library was empty.

Dungeon Overview and Level Annotations

Branches:
Dungeon (1/1)

Altars:
Cheibriados
Dithmenos
Elyvilon
Fedhas
Gozag
Hepliaklqana
Kikubaaqudgha
Makhleb
Nemelex Xobeh
Okawaru
Qazlal
Ru
Sif Muna
Trog
Uskayaw
Vehumet
Wu Jian
Xom
Yredelemnul
Zin
The Shining One
Jiyva
Lugonu


Innate Abilities, Weirdness & Mutations

You are a hulking beast.
Your limbs bulge with bestial killing power. (Slay +3)
You cannot wear most types of armour.
You are amphibious.
You can wear up to eight rings at the same time.
Your skin changes colour to match your surroundings (Stealth+).
Your rubbery body absorbs attacks. (AC +1, EV +1)
((You are camouflaged when in or above water. (Stealth+)))
You have tentacles for arms and can constrict up to eight enemies at once.


Message History

There is an open door here.
Found a +3 ring of strength.
g - 4 potions of magic (gained 2);
f - a potion of invisibility
e - 3 potions of heal wounds (gained 2);
d - 5 potions of curing (gained 4)
Found a +3 ring of intelligence.
j - 2 scrolls of amnesia;
i - 2 scrolls of blinking (gained 1)
k - a wand of light (10)
Items here: )))))).
You see here a +0 pair of gloves.
You see here a +0 cloak.
You see here a +1 scale mail.
l - a +3 ring of strength
m - a +3 ring of intelligence You feel stronger.
l - a +3 ring of strength (left tentacle)
You feel clever.
m - a +3 ring of intelligence (right tentacle) Unknown command.
You open the door.
A shadow, a centaur, a vampire mosquito, a kobold brigand, a wight and a troll come into view.
The kobold brigand is wielding a +0 short sword and quivering poisoned darts.
Unknown command.
You fade into invisibility!
There is an open door to the Dungeon here.
The helpless troll fails to defend itself.
You bludgeon the troll!
The troll is moderately wounded.
The troll bites you! The troll closely misses you. The troll claws you.
You bludgeon the troll!
The troll is heavily wounded.
The troll barely misses you. The troll claws you! x2
* * * LOW HITPOINT WARNING * * *
You feel much better. The troll bites you! The troll misses you.
The troll claws you!
* * * LOW HITPOINT WARNING * * *
You feel much better. The troll bites you! The troll claws you!
* * * LOW HITPOINT WARNING * * *
The troll claws you!
You die...
Your body crumbles into a pile of gold. ▓▓▓▓▓▓▓▓▓▓▓▓▓▓▓▓▓▓▓▓▓▓▓▓ +WcyKzTh..[[[.)..'______ ▓▓▓▓▓▓▓▓▓▓▓▓▓▓▓▓▓▓▓▓▓▓▓▓ $ $ $$$$$ $ $ $ $$$$$ $$$$$

You could see a troll (unable to see you), a vampire mosquito (dormant), a kobold brigand (asleep), a shadow, a centaur (asleep) and a wight (wandering, unable to see you).

Vanquished Creatures
  A water moccasin (D)
  2 adders (D)
  A gnoll (D)
  An ufetubus (D)
  2 ball pythons (D)
  A kobold (D)
  A bat (D)
  A frilled lizard (D)
10 creatures vanquished.

Notes
Turn   | Place    | Note
-------+----------+-------------------------------------------
     0 | D        | rocky1 the Octopode Shapeshifter began the quest for the
                  | Orb.
     0 | D        | Reached XP level 1. HP: 13/13 MP: 1/1
   118 | D        | Noticed a water moccasin
   122 | D        | Reached skill level 4 in Unarmed Combat
   122 | D        | Reached XP level 2. HP: 19/19 MP: 2/2
   128 | D        | Killed a water moccasin
   129 | D        | Reached skill level 7 in Unarmed Combat
   129 | D        | Reached skill level 5 in Shapeshifting
   129 | D        | Reached XP level 3. HP: 25/27 MP: 3/3
   129 | D        | Reached XP level 4. HP: 31/33 MP: 4/4
   129 | D        | Reached XP level 5. HP: 34/37 MP: 5/5
   158 | D        | Found a snail-covered altar of Cheibriados.
   158 | D        | Found a shadowy altar of Dithmenos.
   158 | D        | Found a white marble altar of Elyvilon.
   158 | D        | Found a blossoming altar of Fedhas.
   158 | D        | Found an opulent altar of Gozag.
   159 | D        | Found a hazy altar of Hepliaklqana.
   160 | D        | Found a viscous altar of Jiyva.
   161 | D        | Found an ancient bone altar of Kikubaaqudgha.
   162 | D        | Found a corrupted altar of Lugonu.
   163 | D        | Found a burning altar of Makhleb.
   164 | D        | Found a sparkling altar of Nemelex Xobeh.
   165 | D        | Found an iron altar of Okawaru.
   166 | D        | Became a worshipper of Gozag Ym Sagoz the Greedy
   167 | D        | Found a stormy altar of Qazlal.
   168 | D        | Found a sacrificial altar of Ru.
   169 | D        | Found a shimmering blue altar of Sif Muna.
   170 | D        | Found a bloodstained altar of Trog.
   171 | D        | Found a hide-covered altar of Uskayaw.
   172 | D        | Found a radiant altar of Vehumet.
   173 | D        | Found an ornate altar of the Wu Jian Council.
   174 | D        | Found a shimmering altar of Xom.
   175 | D        | Found a basalt altar of Yredelemnul.
   176 | D        | Found a glowing silver altar of Zin.
   177 | D        | Found a glowing golden altar of the Shining One.
   203 | D        | Noticed a shadow
   203 | D        | Noticed a centaur
   203 | D        | Noticed a vampire mosquito
   203 | D        | Noticed a kobold brigand
   203 | D        | Noticed a troll
   209 | D        | Mangled by a troll

Illustrated notes

Levels and vault maps discovered:
D:        linesprint [early_d, line_temple, items_1, d_10, items_2, lair_1,
          lair_end, items_3, orc_1, orc_end, items_4, d_15, swamp_1, shoals_1,
          snake_1, spider_1, d_20, vaults_1, items_5, swamp_end, shoals_end,
          snake_end, spider_end, vaults_end, d_27, items_6, zot_1, zot_end,
          crypt_end, forest_end, elf_end, slime_end, tomb_end, abyss_end,
          pan_hell_end]

Skill      XL: |  1  2 |
---------------+-------+-----
Unarmed Combat | 4 7 |  7.4
Shapeshifting  | 4 5 |  5.8
Fighting       | 3 |  3.9
Dodging        | |  2.9

Action                     |  1- 3 |  4- 6 || total
---------------------------+-------+-------++-------
  Melee: Unarmed           |    17 |     6 ||    23
         Tentacles         |     7 |       ||     7
         Constrict         |     6 |       ||     6
    Use: Potion            |     1 |     3 ||     4
   Stab: Sleeping          |       |     1 ||     1
 Armour: Skin              |     1 |       ||     1
  Dodge: Dodged            |    11 |     4 ||    15

Table legend: (Time is in decaauts)
 A = Elapsed time spent in this place.
 B = Non-inter-level travel time spent in this place.
 C = Inter-level travel time spent in this place.
 D = Time resting spent in this place.
 E = Time spent auto-exploring this place.
 F = Levels seen in this place.
 G = Mean time per level.
                   A        B        C        D        E       F      G
               +--------+--------+--------+--------+--------+-----+--------+
         Total |    186 |    186 |      0 |    112 |      0 |   1 |  186.0 |
       Dungeon |    186 |    186 |      0 |    112 |      0 |   1 |  186.0 |
               +--------+--------+--------+--------+--------+-----+--------+

Top non-repeatable levels by time:
       D: 186 daAuts
